 Dungeon Crawl Stone Soup version 0.27-a0-78-g75406f0b48 (webtiles) character file.

Game seed: 17897708916563443707

11 knot the Chopper (level 2, 19/36 HPs)
             Began as a Demonspawn Berserker on Jan 14, 2021.
             Was a Follower of Trog.
             Quit the game on level 1 of the Dungeon.
             The game lasted 00:00:26 (258 turns).

knot the Chopper (Demonspawn Berserker)              Turns: 258, Time: 00:00:27

Health: 19/36      AC:  2    Str: 17    XL:     2   Next: 13%
Magic:  2/2        EV: 12    Int:  8    God:    Trog [*.....]
Gold:   8          SH:  5    Dex: 12    Spells: 1/1 levels left

rFire    . . .     SeeInvis .   a - +0 hand axe
rCold    . . .     Faith    .   (no shield)
rNeg     . . .     Spirit   .   b - +0 animal skin
rPois    .         Reflect  +   (no helmet)
rElec    .         Harm     .   (no cloak)
rCorr    .         Rampage  .   (no gloves)
Will     .....                  (no boots)
Stlth    ..........             d - amulet of reflection
HPRegen  0.12/turn              (no ring)
MPRegen  0.08/turn              (no ring)

@: berserking, very quick
A: spiny 1
a: Renounce Religion, Berserk


You were on level 1 of the Dungeon.
You worshipped Trog.
Trog was aware of your devotion.
You visited 1 branch of the dungeon, and saw 1 of its levels.

You collected 8 gold pieces.

Inventory:

Hand Weapons
 a - a +0 hand axe (weapon)
Missiles
 e - 15 stones
Armour
 b - a +0 animal skin (worn)
Jewellery
 d - an amulet of reflection (around neck)
 h - an uncursed ring of ice {unknown}
Scrolls
 f - a scroll of identify {unknown}
 g - a scroll of blinking {unknown}
Potions
 c - 2 potions of berserk rage {unknown}


   Skills:
 - Level 3.0 Fighting
 + Level 3.3 Axes
 - Level 1.7 Armour
 - Level 1.7 Dodging


You had one spell level left.
You didn't know any spells.
Your spell library was empty.

Dungeon Overview and Level Annotations

Branches:
Dungeon (1/15)

Altars:


Innate Abilities, Weirdness & Mutations

You are partially covered in sharp spines.


Message History

The bat closely misses you. The rat closely misses you. The hobgoblin hits you.
The hobgoblin barely misses you.
A kobold comes into view.
A red film seems to cover your vision as you go berserk!
You feel yourself moving faster!
You feel mighty! The bat misses you. You block the rat's attack.
The hobgoblin hits you. x2
You hit the hobgoblin.
You kill the hobgoblin!
Trog accepts your kill.
You slash the hobgoblin!
You kill the hobgoblin!
Trog accepts your kill.
You hit the rat.
You kill the rat!
Trog accepts your kill.
You closely miss the hobgoblin.
You have reached level 2!
Your demonic ancestry asserts itself...
Sharp spines emerge from parts of your body.
Are you sure you want to abandon this character and quit the game? (Confirm with "yes".)

.......#.. ......
......##.# #.......# #.
.........####....##.##..
..###........#.........#
..###.#...............#
...##.................##
PP..#...................
♣♣............(.bg...#
...#.#..........@)...#
..#..#.........Sh.......
..#.###...........b.##.#
#.#.# ##............#
#...# #.####.#.###..#
##..# #..# #.#..# #.K.
##.# ..## ...... ...#
... #.#.#.# #.# ..#


You could see a jackal, a hobgoblin, 2 bats, a ball python and a kobold.

Vanquished Creatures
  A bat (D:1)
  5 hobgoblins (D:1)
  A kobold (D:1)
  A frilled lizard (D:1)
  A rat (D:1)
9 creatures vanquished.

Notes
Turn   | Place    | Note
-------+----------+-------------------------------------------
     0 | D:1      | knot the Demonspawn Berserker began the quest for the Orb.
     0 | D:1      | Reached XP level 1. HP: 18/18 MP: 1/1
   258 | D:1      | Gained mutation: You are partially covered in sharp spines.
                  | [demonic ancestry]
   258 | D:1      | Reached XP level 2. HP: 19/24 MP: 2/2
   258 | D:1      | Quit the game

Illustrated notes

Levels and vault maps discovered:
D:1:      minmay_arrival_checkered_box, layout_rooms, serial_park_tiny_2,
          grunt_decor_one_mirror, minmay_surrounded

Skill      XL: |  1 |
---------------+----+-----
Axes           | 3 |  3.3
Fighting       | |  3.0
Armour         | |  1.7
Dodging        | |  1.7

Action                   || total
-------------------------++-------
Melee: Hand axe          ||    22
Invok: Berserk           ||     1
Armor: Animal skin       ||     1
Dodge: Dodged            ||    16
Block: Other             ||     3

Table legend: (Time is in decaauts)
 A = Elapsed time spent in this place.
 B = Non-inter-level travel time spent in this place.
 C = Inter-level travel time spent in this place.
 D = Time resting spent in this place.
 E = Time spent auto-exploring this place.
 F = Levels seen in this place.
 G = Mean time per level.
                   A        B        C        D        E       F      G
               +--------+--------+--------+--------+--------+-----+--------+
         Total |    261 |    261 |      0 |      0 |    206 |   1 |  261.0 |
       Dungeon |    261 |    261 |      0 |      0 |    206 |   1 |  261.0 |
               +--------+--------+--------+--------+--------+-----+--------+

Top non-repeatable levels by time:
     D:1: 261 daAuts
